Map: Hard Lead LE

Players

ayechiwawa

  • Race: Zerg Zerg
  • League: Diamond
  • Spawn Location: 5:00

llllllllllll - Winner!

  • Race: Protoss Protoss
  • Spawn Location: 11:00

VOD

Have the link to the VOD?

Description

Time

  • Played on: March 10, 2024, 9:49 p.m.
  • Length: 9:32
Show
View Real Time Build Order
Export as new Build Order

ayechiwawa Zerg 

Build Orders: Pool First 

Get SALT Encoding   

  12  0:05  Drone  
  13  0:17  Overlord  
  13  0:18  Drone  
  14  0:35  Drone x2  
  16  0:39  Drone  
  16  0:42  Extractor  
  16  0:53  Spawning Pool  
  16  0:55  Drone  
  16  1:00  Drone  
  15  1:53  Roach Warren  
  12  1:59  Drone x2  
  14  2:12  Overlord  
  14  2:24  Drone  
  14  2:25  Drone  
  16  2:33  Queen  
  18  3:00  Roach  
  15  3:35  Roach  
  15  3:40  Roach  
  19  3:49  Drone  
  19  3:50  Drone  
  21  4:00  Roach  
  25  4:10  Roach  
  25  4:11  Spore Crawler  
  24  4:21  Ravager x2  
  26  4:29  Drone  
  26  4:30  Queen  
  29  4:56  Drone  
  29  4:57  Overlord  
  30  5:15  Queen  
  30  5:17  Overlord  
  30  5:20  Spine Crawler  
  31  5:28  Overlord, Ravager  
  32  5:31  Roach  
  34  5:50  Queen  
  34  5:55  Roach x2  
  40  5:58  Ravager  
  40  6:01  Drone  
  40  6:03  Extractor  
  41  6:16  Drone x3  
  41  6:18  Drone  
  45  6:23  Ravager  
  46  6:43  Roach x3  
  52  7:21  Drone x2  
  52  7:22  Overlord, Hatchery  
  48  7:50  Roach x5  
  54  8:06  Drone  
  54  8:08  Spine Crawler  
  54  8:09  Spine Crawler  
  54  8:11  Drone  
  54  8:12  Drone  
  55  8:35  Overlord  
  55  8:37  Ravager x5  
  55  8:39  Overlord  
Show
View Real Time Build Order
Export as new Build Order

llllllllllll Protoss - Winner!

Build Orders:  

Get SALT Encoding   

  12  0:02  Probe  
  13  0:14  Pylon  
  13  0:18  Probe (Chrono Boost)  
  14  0:26  Probe (Chrono Boost)  
  15  0:32  Probe  
  16  0:39  Forge  
  16  0:50  Pylon  
  16  1:09  Gateway  
  16  1:12  Photon Cannon  
  16  1:17  Pylon  
  16  1:31  Pylon  
  16  1:34  Probe (Chrono Boost)  
  16  1:35  Assimilator  
  16  1:43  Probe (Chrono Boost)  
  16  1:45  Assimilator  
  17  1:53  Photon Cannon  
  17  1:58  Probe  
  18  2:04  Zealot (Chrono Boost)  
  20  2:10  Probe  
  21  2:22  Zealot  
  21  2:23  Probe  
  24  2:33  Cybernetics Core  
  24  2:43  Assimilator  
  24  2:55  Probe  
  25  3:10  Probe, Warp Gate (Chrono Boost)  
  25  3:12  Robotics Facility  
  26  3:17  Shield Battery  
  26  3:25  Shield Battery  
  22  3:30  Probe  
  22  3:31  Shield Battery  
  23  3:40  Protoss Ground Weapons Level 1 (Chrono Boost)  
  23  3:42  Probe  
  24  3:59  Immortal (Chrono Boost)  
  28  4:09  Pylon  
  28  4:19  Pylon  
  28  4:24  Gateway  
  28  4:29  Observer  
  29  4:33  Gateway  
  29  4:40  Shield Battery  
  29  4:50  Gateway  
  29  5:00  Photon Cannon  
  29  5:07  Shield Battery  
  29  5:08  Sentry  
  31  5:15  Shield Battery  
  31  5:30  Shield Battery  
  31  5:32  Sentry  
  33  5:39  Protoss Ground Armor Level 1 (Chrono Boost)  
  33  5:50  Immortal  
  37  5:59  Stalker  
  39  6:10  Pylon  
  39  6:15  Adept  
  41  6:31  Stargate  
  41  6:41  Sentry  
  41  6:44  Stalker x2  
  47  7:11  Nexus  
  47  7:28  Fleet Beacon  
  47  7:44  Stalker  
  49  8:05  Pylon  
  49  8:09  Pylon  
  49  8:17  Tempest (Chrono Boost)  
  55  8:37  Probe x2 (Chrono Boost)  
  56  8:47  Probe (Chrono Boost)  
  57  9:14  Sentry  
Tags
 
League
Diamond
Matchup
PvZ
Opening
Pool First
Spawn Locations
Cross Positions
Add a new tag
Caveats
  • Supply blocks, unpowered buildings, or Contaminate may cause inaccurate times.
  • Supply counts are checked every 10 seconds.